 Dungeon Crawl Stone Soup version 0.30-a0-4-ga7cffc901d (webtiles) character file.

Game seed: 5886316999840310521

147 Setbun the Ducker (level 5, -8/28 HPs)
             Began as a Spriggan Berserker on Aug 20, 2022.
             Was a Believer of Trog.
             Mangled by Lance11888's ghost (11 damage)
             ... on level 3 of the Dungeon.
             The game lasted 00:03:01 (3813 turns).

Setbun the Ducker (Spriggan Berserker)              Turns: 3813, Time: 00:03:02

Health: -8/28      AC:  2    Str: 13    XL:     5   Next: 7%
Magic:  6/6        EV: 19    Int:  9    God:    Trog [**....]
Gold:   112        SH:  0    Dex: 16    Spells: 4/4 levels left

rFire   . . .      SeeInvis +    o - +1 dagger (drain)
rCold   . . .      Faith    .    (no shield)
rNeg    . . .      Spirit   .    b - +0 animal skin
rPois   .          Reflect  .    (helmet restricted)
rElec   .          Harm     .    (no cloak)
rCorr   .          Rampage  .    (gloves unavailable)
Will    .....                    (boots unavailable)
Stlth   ++........               (no amulet)
HPRegen 0.09/turn                (no ring)
MPRegen 0.10/turn                (no ring)

@: on berserk cooldown, slowed, quick
A: very small, no large weapons, unfitting armour, see invisible, speed 3
a: Renounce Religion, Berserk, Trog's Hand


You were on level 3 of the Dungeon.
You worshipped Trog.
Trog was pleased with you.
You visited 1 branch of the dungeon, and saw 4 of its levels.

You collected 112 gold pieces.

Inventory:

Hand Weapons
 a - a +0 short sword
 o - a +1 dagger of draining (weapon)
Missiles
 p - a throwing net (quivered)
Armour
 b - a +0 animal skin (worn)
Scrolls
 c - 2 scrolls of blinking {unknown}
 d - a scroll of torment {unknown}
 f - a scroll of enchant weapon {unknown}
 h - a scroll of identify {unknown}
 i - 3 scrolls of amnesia {unknown}
 m - a scroll of immolation {unknown}
Potions
 e - a potion of cancellation {unknown}
 g - a potion of lignification {unknown}
 j - a potion of might {unknown}
 k - a potion of berserk rage {unknown}
 l - a potion of attraction {unknown}
 n - a potion of flight {unknown}


   Skills:
 + Level 3.0 Fighting
 * Level 4.7 Short Blades
 + Level 4.9 Dodging
 + Level 3.1 Stealth


You had 4 spell levels left.
You didn't know any spells.
Your spell library was empty.

Dungeon Overview and Level Annotations

Branches:
Dungeon (4/15)
 Temple: D:4-7

Altars:
Ashenzari
Sif Muna

Annotations:
D:3 Lance11888's ghost, weakling DgGl


Innate Abilities, Weirdness & Mutations

You are very small and have problems with some larger weapons.
You are too small for most types of armour.
You have supernaturally acute eyesight. (SInv)
You cover ground extremely quickly. (Speed+++)


Message History

You hit Lance11888's ghost.
Lance11888's ghost is lightly damaged.
Lance11888's ghost hits you.
You hit Lance11888's ghost.
Lance11888's ghost is moderately damaged.
You closely miss Lance11888's ghost.
Lance11888's ghost is moderately damaged.
Lance11888's ghost misses you.
You closely miss Lance11888's ghost.
Lance11888's ghost is moderately damaged.
Lance11888's ghost screams, "I'll kill anyone who wants the ORB!"
Lance11888's ghost hits you!
You hit Lance11888's ghost but do no damage.
Lance11888's ghost is moderately damaged.
You hit Lance11888's ghost.
Lance11888's ghost is heavily damaged.
Lance11888's ghost hits you!
* * * LOW HITPOINT WARNING * * *
You puncture Lance11888's ghost!
Lance11888's ghost is almost destroyed.
You closely miss Lance11888's ghost.
Lance11888's ghost is almost destroyed.
Lance11888's ghost completely misses you.
You closely miss Lance11888's ghost.
Lance11888's ghost is almost destroyed.
You barely miss Lance11888's ghost.
Lance11888's ghost is almost destroyed.
Lance11888's ghost misses you.
You miss Lance11888's ghost.
Lance11888's ghost is almost destroyed.
You are no longer berserk.
You are exhausted.
You feel yourself slow down.
You miss Lance11888's ghost.
Lance11888's ghost is almost destroyed.
Lance11888's ghost completely misses you.
You hit Lance11888's ghost but do no damage.
Lance11888's ghost is almost destroyed.
Lance11888's ghost barely misses you. Lance11888's ghost hits you!
You die...

#.. #.# ##.## ..#
#############...##
...
#.(.(...#........# #
#.....((####....## #
#..8....# #.#.## #
#....♣..####.#.#####
#.(....(#...........
###W''########.#####
#..@....# #.#
#.......# #.#
####### #####..####
#.# #.....#
#.........######.###
#.###.#
#.#######..........#
#.# #.#
#..###.#.#.###
####.###.#
####..##.#..#<#..
......##.#
........###.....#
####..##.#
.###..##.#....##


You could see Lance11888's ghost.

Vanquished Creatures
  4 gnolls (D:2)
  5 adders
  3 worms
  3 endoplasms
  A giant cockroach (D:2)
  6 goblins
  4 hobgoblins (D:1)
  3 jackals (D:1)
  3 quokkas
  5 ball pythons
  7 bats
  5 frilled lizards
  5 kobolds
  5 rats
59 creatures vanquished.

Vanquished Creatures (others)
  4 toadstools (D:1)
4 creatures vanquished.

Grand Total: 63 creatures vanquished

Notes
Turn   | Place    | Note
-------+----------+-------------------------------------------
     0 | D:1      | Setbun the Spriggan Berserker began the quest for the Orb.
     0 | D:1      | Reached XP level 1. HP: 11/11 MP: 2/2
   219 | D:1      | Reached skill level 1 in Stealth
   223 | D:1      | Reached XP level 2. HP: 3/16 MP: 3/3
   828 | D:1      | Reached ** piety under Trog
  1049 | D:1      | Reached XP level 3. HP: 5/19 MP: 4/4
  1961 | D:2      | Reached XP level 4. HP: 9/23 MP: 5/5
  2184 | D:2      | You fall into a shaft and drop 2 floors!
  2184 | D:4      | Found a broken altar of Ashenzari.
  2184 | D:4      | Found a shimmering blue altar of Sif Muna.
  3047 | D:2      | Found a faded altar of an unknown god.
  3260 | D:2      | Reached XP level 5. HP: 28/28 MP: 6/6
  3790 | D:3      | Found a runed translucent gate.
  3790 | D:3      | Found a runed translucent gate.
  3790 | D:3      | Noticed Lance11888's ghost (weakling DgGl)
  3791 | D:3      | Found a runed translucent gate.
  3813 | D:3      | Mangled by Lance11888's ghost

Illustrated notes

Levels and vault maps discovered:
D:1:      ldierk_water_garden, layout_rooms
D:2:      layout_loops_corners, ebering_ecumenical_altar_mist
D:3:      layout_loops_corners, elyvilon_altar_3, ebering_ghost_rock_garden
D:4:      layout_rooms, mainiacjoe_overflow_divided_tiny, amcnicky_altar_gilded,
          chequers_serial_rivers_micro_d

Skill      XL: |  1  2  3  4 |
---------------+-------------+-----
Stealth        | 1 2 3 |  3.1
Short Blades   | 4 |  4.7
Fighting       | 3 |  3.0
Dodging        | |  4.9

Action                   |  1- 3 |  4- 6 || total
-------------------------+-------+-------++-------
Melee: Short sword       |   174 |    74 ||   248
       Punch             |     1 |       ||     1
       Dagger            |       |    18 ||    18
Invok: Berserk           |     1 |     3 ||     4
       Trog's Hand       |       |     1 ||     1
 Stab: Sleeping          |     2 |     5 ||     7
Armor: Animal skin       |    28 |     3 ||    31
Dodge: Dodged            |   178 |    54 ||   232

Table legend: (Time is in decaauts)
 A = Elapsed time spent in this place.
 B = Non-inter-level travel time spent in this place.
 C = Inter-level travel time spent in this place.
 D = Time resting spent in this place.
 E = Time spent auto-exploring this place.
 F = Levels seen in this place.
 G = Mean time per level.
                   A        B        C        D        E       F      G
               +--------+--------+--------+--------+--------+-----+--------+
         Total |   3107 |   3042 |     65 |    874 |   1763 |   4 |  776.8 |
       Dungeon |   3107 |   3042 |     65 |    874 |   1763 |   4 |  776.8 |
               +--------+--------+--------+--------+--------+-----+--------+

Top non-repeatable levels by time:
     D:1: 1323 daAuts
     D:2: 1055 daAuts
     D:3: 719 daAuts
     D:4: 9 daAuts
